 Dungeon Crawl Stone Soup version 0.22.1-1-ga44c0e56f4 (webtiles) character file.

48 Nixze the Caller (level 3, -5/19 HPs)
             Began as a Deep Elf Summoner on Oct 28, 2018.
             Killed from afar by an orc wizard (9 damage)
             ... with a magic dart
             ... on level 3 of the Dungeon.
             The game lasted 00:06:06 (1938 turns).

Nixze the Caller (Deep Elf Summoner)                Turns: 1938, Time: 00:06:07

Health: -5/19      AC:  2    Str:  5    XL:     3   Next: 50%
Magic:  1/10       EV: 13    Int: 20    God:
Gold:   155        SH:  0    Dex: 15    Spells: 6/9 levels left

rFire    . . .     SeeInvis .   (no weapon)
rCold    . . .     Gourm    +   (no shield)
rNeg     . . .     Faith    .   a - +0 robe
rPois    +         Spirit   .   (no helmet)
rElec    .         Reflect  .   (no cloak)
rCorr    .         Harm     .   (no gloves)
MR       .....                  (no boots)
Stlth    ++........             j - amulet of the gourmand
HPRegen  0.06/turn              i - ring of poison resistance
MPRegen  0.12/turn              (no ring)

@: no status effects
A: no striking features
a: no special abilities


You were on level 3 of the Dungeon.
You were not hungry.

You visited 1 branch of the dungeon, and saw 3 of its levels.

You collected 155 gold pieces.

Inventory:

Hand Weapons
 g - a +0 whip
Armour
 a - a +0 robe (worn)
Jewellery
 i - a ring of poison resistance (left hand)
 j - an amulet of the gourmand (around neck)
Scrolls
 b - a scroll of teleportation {unknown}
 d - a scroll of magic mapping {unknown}
 f - 5 scrolls of identify {unknown}
Potions
 e - a potion of lignification {unknown}
 h - a potion of haste {unknown}
 k - a potion of ambrosia {unknown}
 l - a potion of brilliance {unknown}
Comestibles
 c - 3 rations


   Skills:
 - Level 2.4 Dodging
 - Level 2.4 Stealth
 + Level 3.8 Spellcasting
 + Level 5.4 Summonings


You had 6 spell levels left.
You knew the following spells:

 Your Spells              Type           Power        Failure   Level  Hunger
a - Summon Small Mammal   Summ           ####         1%          1    None
b - Call Imp              Summ           ####....     1%          2    ##.....

Your spell library contained the following spells:

 Spells                   Type           Power        Failure   Level  Hunger
 Call Canine Familiar     Summ           ####....     4%          3    ###....
 Summon Guardian Golem    Hex/Summ       ##......     13%         3    ###....
 Summon Ice Beast         Ice/Summ       ##......     38%         4    ####...
 Summon Lightning Spire   Summ/Air       ##......     38%         4    ####...


Dungeon Overview and Level Annotations

Branches:
Dungeon (3/15)

Altars:
Trog
Xom


Message History

Your white imp gestures at the orc.
The puff of frost hits the orc.
The orc dies!
The orc wizard casts a spell.
The orc wizard seems to speed up.
The dart slug moves out of view.
Your white imp gestures at the orc wizard.
The puff of frost hits the orc wizard.
Your crimson imp blinks!
Your white imp hits the orc wizard.
Your white imp freezes the orc wizard.
The orc wizard dies!
Your quokka misses you.
Your white imp hits the orc wizard.
Your white imp freezes the orc wizard.
The orc wizard casts a spell at you. The magic dart hits you!
* * * LOW HITPOINT WARNING * * *
Your quokka bites the orc wizard but does no damage.
Your white imp closely misses the orc wizard.
The orc wizard gestures at you while chanting.
The magic dart hits you!
You die...

#.....#.#### # #..
.###..[..#.# #.#..#
#..##.....#.# .#..#
#..##.....#.# ..[.
...####.#.#.# ###..###..#
#.#.#.# # #....#.#..#
#.#.#.# #..###..#.#..#
##.#.#.#### ...5...w.@...#
#..÷......# ..#.#.o###.##
#<.#......# #5r..#..#
#..#.....>#
#).###..###..#......#
...§..)............#......#
.......#.########..#......#
......##.# #..#......#
...... ..# #..#......#
...... ### #..#


You could see an orc wizard, a dart slug, a friendly crimson imp and a friendly
white imp.

Vanquished Creatures
  A jackal (D:1)
1 creature vanquished.

Vanquished Creatures (collateral kills)
  An orc wizard (D:3)
  2 oozes
  2 worms
  A dart slug (D:1)
  3 orcs (D:3)
  A ball python (D:2)
  A bat (D:2)
  3 giant cockroaches
  5 goblins
  5 hobgoblins
  3 jackals
  3 kobolds
  5 frilled lizards
  2 rats (D:1)
37 creatures vanquished.

Grand Total: 38 creatures vanquished

Notes
Turn   | Place    | Note
-------+----------+-------------------------------------------
     0 | D:1      | Nixze the Deep Elf Summoner began the quest for the Orb.
     0 | D:1      | Reached XP level 1. HP: 10/10 MP: 6/6
   319 | D:1      | Reached XP level 2. HP: 15/15 MP: 4/8
   337 | D:1      | Reached skill level 5 in Summonings
   341 | D:1      | Learned a level 2 spell: Call Imp
  1158 | D:2      | Found a bloodstained altar of Trog.
  1676 | D:2      | Found a shimmering altar of Xom.
  1764 | D:3      | Reached XP level 3. HP: 19/19 MP: 1/9
  1938 | D:3      | Killed from afar by an orc wizard

Skill      XL: |  1  2 |
---------------+-------+-----
Summonings     | 5 |  5.4
Dodging        | |  2.4
Stealth        | |  2.4
Spellcasting   | |  3.8

Action                   || total
-------------------------++-------
Melee: Unarmed           ||    13
 Cast: Summon Small Mamm ||    31
       Call Imp          ||    41
 Stab: Distracted        ||     1
  Eat: Chunk             ||     7
Armor: Robe              ||     5
Dodge: Dodged            ||    18
